 Dungeon Crawl Stone Soup version 0.22-a0-422-g9628fc8 (webtiles) character file.

1843 nikopol the Thaumaturge (level 8, 0/41 HPs)
             Began as a Deep Elf Fire Elementalist on May 21, 2018.
             Slain by an orc warrior
             ... wielding a +0 trident
              (8 damage)
             ... on level 7 of the Dungeon on May 22, 2018.
             The game lasted 00:22:23 (7106 turns).

nikopol the Thaumaturge (DEFE)                      Turns: 7106, Time: 00:22:23

Health: 0/41       AC:  7    Str:  5    XL:     8   Next: 88%
Magic:  12/23      EV: 14    Int: 23    God:
Gold:   281        SH:  0    Dex: 15    Spells: 10/25 levels left

rFire    + . .     SeeInvis .   q - +2 short sword (elec)
rCold    . . .     Gourm    .   (no shield)
rNeg     + . .     Faith    .   a - +0 robe
rPois    .         Spirit   .   f - +0 helmet
rElec    .         Reflect  .   u - +0 cloak
rCorr    .         Harm     .   e - +2 pair of gloves
MR       .....                  (no boots)
Stlth    +++.......             (no amulet)
HPRegen  0.13/turn              m - ring of protection from fire
MPRegen  0.18/turn              w - ring of positive energy

@: no status effects
A: no striking features
a: no special abilities


You were on level 7 of the Dungeon.
You were not hungry.

You visited 1 branch of the dungeon, and saw 7 of its levels.

You collected 281 gold pieces.

Inventory:

Hand Weapons
 q - a +2 short sword of electrocution (weapon)
Armour
 a - a +0 robe (worn)
 e - a +2 pair of gloves (worn)
 f - a +0 helmet (worn)
 u - a +0 cloak (worn)
Magical Staves
 E - an uncursed staff of summoning
Jewellery
 m - a ring of protection from fire (left hand)
 o - an uncursed ring of flight
 w - a ring of positive energy (right hand)
 F - an uncursed amulet of faith
 I - the amulet of Ruillahe {Spirit +Blink, unknown}
   (You found it on level 7 of the Dungeon)

   [amulet of guardian spirit]

   It causes incoming damage to be split between your health and magic.
   It lets you blink.
Wands
 g - a wand of polymorph (17)
 s - a wand of enslavement (17)
 y - a wand of acid (8)
 G - a wand of disintegration (13)
Scrolls
 d - a scroll of blinking {unknown}
 h - 2 scrolls of teleportation {unknown}
 l - a scroll of fog {unknown}
 n - a scroll of fear {unknown}
 p - a scroll of noise {unknown}
 r - 2 scrolls of enchant armour {unknown}
 t - a scroll of amnesia {unknown}
 x - a scroll of enchant weapon {unknown}
 z - a scroll of magic mapping {unknown}
Potions
 b - 4 potions of brilliance
 i - a potion of flight
 j - a potion of resistance
 k - a potion of agility
 v - 2 potions of heal wounds
 A - a potion of might {unknown}
 B - a potion of magic {unknown}
 D - 2 potions of lignification {unknown}
 H - a potion of curing
Comestibles
 c - 13 rations
 C - a chunk of flesh


   Skills:
 + Level 0.2 Fighting
 + Level 4.2 Dodging
 + Level 4.0 Stealth
 + Level 9.0 Spellcasting
 + Level 6.5 Conjurations
 + Level 7.6 Fire Magic


You had 10 spell levels left.
You knew the following spells:

 Your Spells              Type           Power        Failure   Level  Hunger
a - Flame Tongue          Conj/Fire      #####        1%          1    None
b - Throw Flame           Conj/Fire      #####.       1%          2    None
c - Conjure Flame         Conj/Fire      #####...     1%          3    None
d - Sticky Flame          Conj/Fire      #####...     3%          4    ##.....
e - Fireball              Conj/Fire      #####.....   10%         5    ####...

Your spell library contained the following spells:

 Spells                   Type           Power        Failure   Level  Hunger
 Confuse                  Hex            ##......     19%         3    None
 Confusing Touch          Hex            ##....       6%          1    None
 Metabolic Englaciation   Hex/Ice        ##........   86%         5    ####...
 Petrify                  Tmut/Erth      ##......     52%         4    ##.....
 Inner Flame              Hex/Fire       ####....     4%          3    None
 Gell's Gravitas          Tloc           ##........   19%         3    None
 Yara's Violent Unravell  Hex/Tmut       ##........   86%         5    ####...


Dungeon Overview and Level Annotations

Branches:
Dungeon (7/15)
 Temple: D:4-7

Altars:


Message History

The orc warrior is lightly wounded.
Something unseen opens the door.
The orc warrior hits you with a trident!
An orc wizard comes into view. It is wielding a dagger.
Casting: Flame Tongue (safe; 1% risk of failure)
Confirm with . or Enter, or press ? or * to list all spells.
Aiming: Sticky Flame (safe; 3% risk of failure)
Press: ? - help, Shift-Dir - straight line, f/p - orc warrior
Aim: an orc warrior, wielding a trident and wearing a chain mail (lightly wounded)
The sticky flame hits the orc warrior.
The orc warrior appears unharmed.
The orc warrior is lightly wounded.
The orc warrior is covered in liquid flames!
The orc warrior burns!
The orc warrior hits you with a trident!
* * * LOW HITPOINT WARNING * * *
The orc warrior burns!
The orc wizard mumbles some strange words.
The orc wizard blinks!
The orc warrior hits you from afar with a trident!
You die...

#....###'##
#......ยง..#
#<....).).####.
#..[o.[....)...
#............[.
#.............!
#......o.......
#.........#
#.....@...#
#.........#
#.........#
#.........##### ###
###.........#...###.##
#...........#....#...#
#...........#...>#...#
#...........'....'...#
#...........#....#...#


You could see an orc warrior (burning) and an orc wizard.

Vanquished Creatures
  Pikel (D:6)
  The ghost of Paulus the Conjurer, an amateur DrCj (D:3)
  Duvessa (D:5)
  An orc warrior (D:6)
  A black bear (D:7)
  An ogre (D:4)
  Blork the orc (D:5)
  Dowan (D:5)
  A crimson imp (D:7)
  A bullfrog zombie (D:5)
  A quasit (D:7)
  2 hounds
  2 bullfrog skeletons (D:5)
  5 orc priests
  A centaur skeleton (D:4)
  4 orc wizards
  An iguana (D:4)
  2 worker ants (D:6)
  A worker ant zombie (D:6)
  A gnoll (D:3)
  6 adders
  A shadow imp (D:6)
  An adder skeleton (D:5)
  2 worms (D:2)
  5 dart slugs
  7 leopard geckos
  26 orcs
  2 giant cockroaches (D:3)
  7 hobgoblins
  4 jackals
  8 kobolds
  3 quokkas
  A ball python (D:3)
  6 bats
  6 frilled lizards
  8 goblins
  A jackal skeleton (D:4)
  A quokka skeleton (D:4)
  A quokka zombie (D:6)
  4 rats
130 creatures vanquished.

Notes
Turn   | Place    | Note
-------+----------+-------------------------------------------
     0 | D:1      | nikopol the Deep Elf Fire Elementalist began the quest for the Orb.
     0 | D:1      | Reached XP level 1. HP: 10/10 MP: 6/6
    83 | D:1      | Reached XP level 2. HP: 15/15 MP: 1/8
   596 | D:1      | Reached XP level 3. HP: 19/19 MP: 4/9
   609 | D:1      | Learned a level 2 spell: Throw Flame
   613 | D:1      | Learned a level 3 spell: Conjure Flame
  1139 | D:3      | Reached XP level 4. HP: 24/24 MP: 7/11
  1267 | D:3      | Learned a level 4 spell: Sticky Flame
  1451 | D:3      | Noticed Paulus's ghost (amateur DrCj)
  3077 | D:3      | Killed Paulus's ghost
  3077 | D:3      | Reached skill level 4 in Spellcasting
  3077 | D:3      | Reached skill level 5 in Fire Magic
  3077 | D:3      | Reached XP level 5. HP: 28/28 MP: 3/14
  3527 | D:4      | Noticed an ogre
  3535 | D:4      | Reached XP level 6. HP: 32/32 MP: 5/15
  3540 | D:4      | Reached skill level 5 in Spellcasting
  4233 | D:4      | Reached XP level 7. HP: 34/36 MP: 13/17
  4377 | D:5      | Entered Level 5 of the Dungeon
  4409 | D:5      | Reached skill level 6 in Spellcasting
  4429 | D:5      | Learned a level 5 spell: Fireball
  4787 | D:5      | Noticed Duvessa
  4787 | D:5      | Noticed Dowan
  4942 | D:5      | Killed Duvessa
  4942 | D:5      | Reached skill level 5 in Conjurations
  4948 | D:5      | Killed Dowan
  5211 | D:5      | Noticed Blork the orc
  5407 | D:5      | Reached skill level 7 in Spellcasting
  5495 | D:5      | Killed Blork the orc
  5495 | D:5      | Reached XP level 8. HP: 30/41 MP: 6/20
  6009 | D:6      | Noticed Pikel
  6300 | D:6      | Killed Pikel
  6300 | D:6      | Reached skill level 8 in Spellcasting
  6926 | D:7      | Got a translucent amethyst amulet
  6948 | D:7      | Reached skill level 9 in Spellcasting
  7106 | D:7      | Slain by an orc warrior

Vault maps used:
D:1:      dpeg_arrival_arbitrary_c
D:2:      first_ration, minmay_misc_feat_chi, serial_bayou_pond_e
D:3:      st_stairs_14
D:4:      kennysheep_generic_room_10
D:5:      uniq_duvessa, uniq_blork_the_orc
D:6:      uniq_pikel
D:7:      minmay_temple_entry_statues

Skill      XL: |  1  2  3  4  5  6  7  8 |
---------------+-------------------------+-----
Fire Magic     | 4 5 6 7 |  7.6
Conjurations   | 2 3 4 5 6 |  6.5
Spellcasting   | 4 5 7 9 |  9.0
Dodging        | 3 4 |  4.2
Stealth        | 3 4 |  4.0
Fighting       | |  0.2

Action                   |  1- 3 |  4- 6 |  7- 9 || total
-------------------------+-------+-------+-------++-------
Melee: Dagger            |       |     9 |       ||     9
 Cast: Flame Tongue      |    63 |   114 |   144 ||   321
       Throw Flame       |       |    13 |     9 ||    22
       Conjure Flame     |       |     5 |     5 ||    10
       Sticky Flame      |       |     1 |     8 ||     9
       Fireball          |       |       |     1 ||     1
Evoke: Wand              |       |       |     1 ||     1
  Use: Scroll            |       |       |     7 ||     7
       Potion            |       |       |     1 ||     1
  Eat: Chunk             |     1 |     6 |    10 ||    17
       Ration            |       |     1 |       ||     1
Armor: Robe              |     6 |    10 |    13 ||    29
Dodge: Dodged            |    11 |    22 |    29 ||    62

Table legend:
 A = Spawn XP
 B = Non-spawn XP
 C = Spawn XP percentage of total XP
 D = Spawn monster count
 E = Non-spawn monster count
 F = Spawn count percentage of total count
 G = Total turns spent on level
                    A         B        C        D         E        F      G
               +---------+---------+-------+---------+---------+-------+---------
         Total |       0 |    2634 |   0.0 |       0 |     130 |   0.0 |  7106
               +---------+---------+-------+---------+---------+-------+---------
           D:1 |       0 |      48 |   0.0 |       0 |      24 |   0.0 |   736
           D:2 |       0 |      39 |   0.0 |       0 |      13 |   0.0 |  1410
           D:3 |       0 |     278 |   0.0 |       0 |      23 |   0.0 |  1572
           D:4 |       0 |     418 |   0.0 |       0 |      23 |   0.0 |   741
           D:5 |       0 |     699 |   0.0 |       0 |      25 |   0.0 |  1278
           D:6 |       0 |     918 |   0.0 |       0 |      15 |   0.0 |  1165
           D:7 |       0 |     234 |   0.0 |       0 |       7 |   0.0 |   204
               +---------+---------+-------+---------+---------+-------+---------
